 Dungeon Crawl Stone Soup version 0.24-a0-127-gfc1eed5 (webtiles) character file.

Game seed: 0

62190 XanderDroid the Severer (level 14, -9/135 HPs)
             Began as a Minotaur Berserker on Feb 22, 2019.
             Was a High Priest of Trog.
             Mangled by a dire elephant (12 damage)
             ... on level 6 of the Lair of Beasts on Feb 25, 2019.
             The game lasted 01:02:11 (20308 turns).

XanderDroid the Severer (Minotaur Berserker)       Turns: 20308, Time: 01:02:12

Health: -9/135     AC: 22    Str: 25    XL:     14   Next: 63%
Magic:  4/4        EV:  9    Int:  4    God:    Trog [*****.]
Gold:   1042       SH:  0    Dex: 12    Spells: 13/13 levels left

rFire    + . .     SeeInvis .   a - +2 executioner's axe (antimagic)
rCold    . . .     Gourm    .   (shield currently unavailable)
rNeg     . . .     Faith    .   o - +0 plate armour
rPois    +         Spirit   .   F - +2 hat
rElec    .         Reflect  .   d - scarf {repulsion}
rCorr    .         Harm     .   w - +0 pair of gloves
MR       +....                  y - +0 pair of boots
Stlth    ..........             (no amulet)
HPRegen  0.32/turn              q - ring of protection from fire
MPRegen  0.09/turn              v - ring of poison resistance

@: berserk cooldown, slowed, repel missiles, very slow
A: retaliatory headbutt, horns 2
a: Berserk, Trog's Hand, Brothers in Arms, Renounce Religion


You were on level 6 of the Lair of Beasts.
You worshipped Trog.
Trog was extremely pleased with you.
You were very hungry.

You visited 3 branches of the dungeon, and saw 18 of its levels.
You also visited: Ossuary and Gauntlet.

You collected 1423 gold pieces.
You spent 381 gold pieces at shops.

Inventory:

Hand Weapons
 a - a +2 antimagic executioner's axe (weapon)
 b - a +1 battleaxe of flaming
Missiles
 E - 2 throwing nets (quivered)
Armour
 d - a scarf of repulsion (worn)
 o - a +0 plate armour (worn)
 w - a +0 pair of gloves (worn)
 y - a +0 pair of boots (worn)
 D - a scarf of cloud immunity
 F - a +2 hat (worn)
Jewellery
 q - a ring of protection from fire (left hand)
 v - a ring of poison resistance (right hand)
 H - an uncursed ring of protection from cold
Wands
 n - a wand of disintegration (27)
 A - a wand of iceblast (8)
 C - a wand of flame (45)
Scrolls
 f - 7 scrolls of identify
 g - 11 scrolls of remove curse
 k - 10 scrolls of magic mapping
 l - a scroll of brand weapon {unknown}
 m - 5 scrolls of blinking
 r - 5 scrolls of enchant weapon
 t - 5 scrolls of teleportation
 x - 3 scrolls of immolation
 z - a scroll of vulnerability {unknown}
 G - a scroll of noise {unknown}
 J - a scroll of enchant armour {unknown}
Potions
 e - a potion of ambrosia
 h - 7 potions of heal wounds
 i - 9 potions of curing
 j - 2 potions of lignification
 p - 4 potions of flight
 s - a potion of invisibility
 u - 2 potions of resistance
 I - a potion of mutation
 L - a potion of haste
Comestibles
 c - 36 rations
 B - 5 chunks of flesh


   Skills:
 + Level 15.3 Fighting
 * Level 20.3 Axes
 + Level 15.1 Armour
 - Level 2.1 Dodging


You had 13 spell levels left.
You didn't know any spells.
Your spell library was empty.

Dungeon Overview and Level Annotations

Branches:
Dungeon (11/15)            Temple (1/1) D:4            Lair (6/6) D:11
  Swamp (0/4) Lair:4        Snake (0/4) Lair:2        Slime (0/5) Lair:6
    Orc (0/2) D:9

Altars:
Ashenzari
Cheibriados
Dithmenos
Elyvilon
Fedhas
Gozag
Hepliaklqana
Kikubaaqudgha
Makhleb
Nemelex Xobeh
Okawaru
Qazlal
Ru
Sif Muna
Trog
Uskayaw
Vehumet
Wu Jian
Xom
Yredelemnul
Zin
The Shining One
Jiyva
Lugonu

Shops:
D:7 *[::!

Annotations:
Lair:5 exclusion: 2 oklob plants


Innate Abilities, Weirdness & Mutations

You reflexively headbutt those who attack you in melee.
You have a pair of horns on your head.


Message History

You see here an anaconda corpse.
You feel a strong urge to attack something.
You see here an anaconda corpse.
You butcher the anaconda corpse.
You feel your anger nearly subside.
You are no longer berserk.
You are exhausted.
You feel yourself slow down.
B - 5 chunks of flesh You see here an anaconda skeleton.
A dire elephant comes into view.
The dire elephant tramples you!!
* * * LOW HITPOINT WARNING * * *
You stumble backwards!
You see here an anaconda skeleton.
You slice the dire elephant!! You headbutt the dire elephant.
The dire elephant is lightly wounded.
The dire elephant barely misses you.
The dire elephant trunk-slaps you but does no damage.
The dire elephant tramples you!
You die...

≈≈≈≈≈ #.#..#####. ..≈≈
##.#..P.#.#. #..
#..#.....##P
##'####.##...P###.
#8.8#...#♣....#.#.
#...#.###....###..
###..##.##.....#####
###.'..#..##.....##.##
#...Y@.#.##♣....P...##
#..#####.# ♣..........
#...#8...# #♣.........
##...'..######.....P.†.
#...##8..'...#♣.#..PP..
##...#####...##........
#...## #...##......P.
##..# #..P##..#.....
#..♣ #...##........


You could see a dire elephant.

Vanquished Creatures
  Rupert (Lair:4)
  A minotaur (Gauntlet)
  A rakshasa (D:11)
  Harold (D:9)
  7 hydras
  An anaconda (Lair:6)
  3 two-headed ogres
  3 alligators (Lair:4)
  10 death yaks
  A swamp dragon (Lair:4)
  A necromancer (Gauntlet)
  Pikel (D:8)
  2 ugly things
  14 elephants
  An ice statue (Gauntlet)
  6 black mambas
  Maurice (D:8)
  A centaur skeleton (D:11)
  9 spiny frogs
  9 rime drakes
  3 kobold demonologists
  3 komodo dragons
  A jumping spider (shapeshifter) (Gauntlet)
  9 blink frogs
  A hornet (D:9)
  A troll (D:10)
  2 slime creatures (Gauntlet)
  3 polar bears (Lair:2)
  6 hippogriffs
  2 dream sheep (D:8)
  Sigmund (D:6)
  2 wyverns
  40 yaks
  A basilisk (Lair:3)
  A vampire mosquito (Lair:4)
  4 swamp worms (Lair:4)
  Duvessa (D:7)
  An acid dragon (D:8)
  3 nagas (Lair:2)
  8 water moccasins
  10 porcupines
  A black bear (shapeshifter) (Gauntlet)
  7 orc warriors
  4 ice beasts
  A hornet zombie (Ossuary)
  3 slaves
  2 swamp drakes (Lair:4)
  2 black bears
  A sky beast (D:2)
  4 phantoms
  A sky beast (shapeshifter) (Gauntlet)
  2 ogres
  52 wolves
  2 centaurs
  11 crocodiles
  4 big kobolds
  10 bullfrogs
  2 scorpions (D:11)
  Dowan (D:7)
  2 water moccasin skeletons
  15 killer bees
  9 wights
  An electric eel (Lair:1)
  2 howler monkeys
  2 crimson imps (D:7)
  5 bullfrog zombies
  A quasit (D:6)
  4 centaur zombies
  3 jellies
  10 orc wizards
  A bullfrog skeleton (D:7)
  A gnoll shaman (D:8)
  10 orc priests
  4 hounds
  4 iguanas
  6 worker ants
  Natasha (thrice) (D:3)
  A hell rat (D:11)
  2 killer bee zombies (Ossuary)
  2 hound zombies (Ossuary)
  11 mummies (Ossuary)
  Robin (D:3)
  2 howler monkey zombies (Ossuary)
  3 worker ant zombies
  15 gnolls
  3 river rats (D:11)
  7 adders
  2 shadow imps
  3 adder zombies (Ossuary)
  An adder skeleton (D:7)
  A dart slug (D:1)
  4 leopard geckos
  45 orcs
  6 bats
  9 giant cockroaches
  17 goblins
  9 hobgoblins
  8 jackals
  8 kobolds
  4 quokkas
  A ball python (D:1)
  8 frilled lizards
  A giant cockroach zombie (Ossuary)
  A jackal zombie (Ossuary)
  A leopard gecko zombie (Ossuary)
  2 quokka skeletons
  A quokka zombie (Ossuary)
  11 rats
  3 fungi
  10 plants
573 creatures vanquished.

Vanquished Creatures (others)
  A centaur (D:8)
  A crimson imp (D:8)
  A fungus (Lair:4)
  18 plants
21 creatures vanquished.

Grand Total: 594 creatures vanquished

Notes
Turn   | Place    | Note
-------+----------+-------------------------------------------
     0 | D:1      | XanderDroid the Minotaur Berserker began the quest for the
                  | Orb.
     0 | D:1      | Reached XP level 1. HP: 19/19 MP: 0/0
   238 | D:1      | Reached skill level 4 in Axes
   238 | D:1      | Reached XP level 2. HP: 19/27 MP: 1/1
   575 | D:2      | Reached XP level 3. HP: 31/33 MP: 2/2
   832 | D:2      | Reached ** piety under Trog
  1085 | D:2      | Noticed a sky beast
  1089 | D:2      | Killed a sky beast
  1089 | D:2      | Reached skill level 5 in Axes
  1089 | D:2      | Reached XP level 4. HP: 41/41 MP: 3/3
  1089 | D:2      | Reached XP level 5. HP: 47/47 MP: 4/4
  1183 | D:3      | Noticed Natasha
  1189 | D:3      | Killed Natasha
  1322 | D:3      | Noticed Natasha
  1323 | D:3      | Killed Natasha
  1323 | D:3      | Reached skill level 5 in Fighting
  1323 | D:3      | Reached skill level 6 in Axes
  1398 | D:3      | Noticed Robin
  1412 | D:3      | Killed Robin
  1684 | D:3      | Noticed Natasha
  1690 | D:3      | Killed Natasha
  1690 | D:3      | Reached XP level 6. HP: 39/56 MP: 5/5
  1904 | D:3      | Reached *** piety under Trog
  2083 | D:3      | Upgraded the game from 0.24-a0-123-ga2403f3 to
                  | 0.24-a0-127-gfc1eed5
  2084 | D:4      | Found a staircase to the Ecumenical Temple.
  2111 | Temple   | Entered the Ecumenical Temple
  2658 | D:3      | Reached skill level 7 in Axes
  2897 | D:4      | Reached skill level 5 in Armour
  2897 | D:4      | Reached XP level 7. HP: 31/62 MP: 6/6
  3219 | D:5      | Entered Level 5 of the Dungeon
  3251 | D:5      | Reached skill level 8 in Axes
  3298 | D:5      | Found a sand-covered staircase.
  3312 | Ossuary  | Entered an ossuary
  3540 | Ossuary  | Reached XP level 8. HP: 20/71 MP: 7/7
  3565 | Ossuary  | Reached **** piety under Trog
  3574 | Ossuary  | Reached skill level 9 in Axes
  4500 | D:6      | Noticed Sigmund
  4512 | D:6      | Killed Sigmund
  4512 | D:6      | Reached skill level 10 in Axes
  4593 | D:6      | Reached XP level 9. HP: 81/81 MP: 8/8
  4709 | D:6      | Reached ***** piety under Trog
  5147 | D:6      | Reached skill level 11 in Axes
  5396 | D:7      | Found Istril's Book Emporium.
  5432 | D:7      | Found Syonimerri's Distillery.
  5437 | D:7      | Bought a potion of lignification for 39 gold pieces
  5590 | D:7      | Received a gift from Trog
  5628 | D:7      | Found Weaprial's General Store.
  5636 | D:7      | Bought a potion of heal wounds for 70 gold pieces
  5636 | D:7      | Bought a wand of iceblast (8) for 168 gold pieces
  5697 | D:7      | Bought a potion of curing for 39 gold pieces
  5697 | D:7      | Bought a potion of heal wounds for 65 gold pieces
  5717 | D:7      | Found Otaec's Book Shoppe.
  5722 | D:7      | Noticed Duvessa
  5722 | D:7      | Noticed Dowan
  5731 | D:7      | Killed Dowan
  5737 | D:7      | Killed Duvessa
  6125 | D:7      | Reached skill level 12 in Axes
  6225 | D:7      | Found Syizour's Antique Armour Emporium.
  6545 | D:8      | Noticed Pikel
  6641 | D:8      | Killed Pikel
  6641 | D:8      | Reached XP level 10. HP: 91/91 MP: 9/9
  6704 | D:8      | Noticed Maurice
  6714 | D:8      | Killed Maurice
  6935 | D:8      | Reached skill level 13 in Axes
  6988 | D:8      | Noticed a three-headed hydra
  7002 | D:8      | Killed a one-headed hydra
  7002 | D:8      | Reached skill level 10 in Fighting
  7244 | D:8      | Noticed a two-headed ogre
  7257 | D:8      | Killed a two-headed ogre
  7257 | D:8      | Reached skill level 10 in Armour
  7286 | D:8      | Noticed a brown ugly thing
  7328 | D:8      | Killed a brown ugly thing
  7328 | D:8      | Reached skill level 14 in Axes
  8156 | D:9      | Noticed Harold
  8172 | D:9      | Killed Harold
  8172 | D:9      | Reached XP level 11. HP: 101/101 MP: 10/10
  8425 | D:9      | Found a bloodstained altar of Trog.
  8531 | D:9      | Received a gift from Trog
  8950 | D:9      | Found a staircase to the Orcish Mines.
  9286 | D:10     | Entered Level 10 of the Dungeon
  9621 | D:10     | Received a gift from Trog
  9663 | D:10     | Reached skill level 15 in Axes
 10128 | D:11     | Found a corrupted altar of Lugonu.
 10673 | D:11     | Noticed a death yak
 10673 | D:11     | Noticed a death yak
 10684 | D:11     | Killed a death yak
 10688 | D:11     | Killed a death yak
 10710 | D:11     | Found a staircase to the Lair.
 10712 | D:11     | Noticed a death yak
 10715 | D:11     | Noticed a rakshasa
 10717 | D:11     | Noticed a cyan ugly thing
 10719 | D:11     | Noticed a two-headed ogre
 10722 | D:11     | Noticed a four-headed hydra
 11053 | D:11     | Noticed a two-headed ogre
 11061 | D:10     | Killed a one-headed hydra
 11065 | D:10     | Killed a two-headed ogre
 11238 | D:11     | Killed a cyan ugly thing
 11238 | D:11     | Reached skill level 16 in Axes
 11238 | D:11     | Reached XP level 12. HP: 112/112 MP: 11/11
 11316 | D:11     | Killed a rakshasa
 11380 | D:11     | Killed a two-headed ogre
 11724 | D:11     | Killed a death yak
 11859 | Lair:1   | Entered Level 1 of the Lair of Beasts
 12269 | Lair:1   | Reached skill level 17 in Axes
 12324 | Lair:1   | Noticed a six-headed hydra
 12332 | Lair:1   | Killed a two-headed hydra
 12778 | Lair:1   | Received a gift from Trog
 13542 | Lair:2   | Noticed a four-headed hydra
 13549 | Lair:2   | Killed a one-headed hydra
 13553 | Lair:2   | Reached XP level 13. HP: 81/122 MP: 12/12
 14117 | Lair:2   | Found a staircase to the Snake Pit.
 14291 | Lair:2   | Reached skill level 18 in Axes
 14587 | Lair:3   | Got an iridescent falchion
 14592 | Lair:3   | Identified the +6 falchion of Pride {slice, *Drain rN+
                  | Int+3} (You found it on level 3 of the Lair of Beasts)
 14813 | Lair:3   | Found a gate leading to a gauntlet.
 14846 | Gauntlet | Entered a Gauntlet
 14846 | Gauntlet | Found a transporter.
 14846 | Gauntlet | Found a transporter.
 14857 | Gauntlet | Found a transporter.
 14914 | Gauntlet | Found a transporter.
 14947 | Gauntlet | Found a transporter.
 14949 | Gauntlet | Found a transporter.
 15169 | Gauntlet | Found a transporter.
 15191 | Gauntlet | Found a transporter.
 15192 | Gauntlet | Found a transporter.
 15335 | Gauntlet | Noticed a minotaur
 15346 | Gauntlet | Killed a minotaur
 15904 | Lair:4   | Found a staircase to the Swamp.
 16263 | Lair:4   | Noticed Rupert
 16302 | Lair:4   | Killed Rupert
 16302 | Lair:4   | Received a gift from Trog
 16302 | Lair:4   | Reached skill level 19 in Axes
 17654 | Lair:5   | Reached XP level 14. HP: 110/133 MP: 4/13
 18567 | Lair:6   | Entered Level 6 of the Lair of Beasts
 19148 | Lair:6   | Reached skill level 15 in Fighting
 19354 | Lair:6   | Reached skill level 20 in Axes
 19628 | Lair:6   | Reached skill level 15 in Armour
 19893 | Lair:6   | Found a viscous altar of Jiyva.
 19899 | Lair:6   | Found a staircase to the Slime Pits.
 20250 | Lair:6   | Found the +2 Maxwell's thermic engine {flame, freeze}
 20307 | Lair:6   | HP: 3/135 [dire elephant (18)]
 20308 | Lair:6   | Mangled by a dire elephant

Levels and vault maps discovered:
D:1:      nagdon_arrival_zigzag_paths, layout_basic
D:2:      layout_basic
D:3:      layout_loops_corners, uniq_robin, uniq_natasha
D:4:      layout_rooms, temple_statues
D:5:      layout_basic, first_ration, enter_ossuary_2
D:6:      layout_basic, uniq_sigmund
D:7:      layout_loops_corners, serial_shops, nicolae_shop_stone, shop, shop,
          nicolae_shop_waterfront, nicolae_shop_crystal, uniq_duvessa
D:8:      layout_basic, hangedman_ranch [blue_anna_fruit_fields], kb_rosetta,
          uniq_pikel, uniq_maurice
D:9:      layout_loops_ring, lightli_temple_of_fire, erik_orc_2, uniq_harold
D:10:     layout_loops_cross, serial_rivers, chequers_serial_rivers_small_b,
          chequers_serial_rivers_room_a, chequers_serial_rivers_micro_c,
          chequers_serial_rivers_micro_d, minmay_misc_feat_tiny
D:11:     kennysheep_kobold_lugonu_temple, layout_stronghold, dpeg_lair_monsters
Temple:   kilobyte_greek_temple
Lair:1:   layout_roguey, nicolae_quartered_pool_little,
          grunt_forest_large_clearings
Lair:2:   layout_hall_layers, minmay_snake_entry_guardpost_small,
          cheibrodos_lair_lostbears, grunt_megastairs_3
Lair:3:   layout_concentric_octagons, gauntlet_entry_generic,
          serial_bayou_pond_c
Lair:4:   onia_ninara_swampy_vault, layout_misc_corridors, swamp_mist_pool,
          uniq_rupert
Lair:5:   layout_roguey, minmay_lair_drake_nest, minmay_lair_oklob_chamber
Lair:6:   due_jungle_book, layout_gridlike, slime_altar_1,
          infiniplex_staircase_pool_2
Ossuary:  ossuary_zaba_flooded
Gauntlet: gammafunk_gauntlet_shortcut [gammafunk_gauntlet_arena_spirals,
          nicolae_gauntlet_swirl, nicolae_gauntlet_arena_quarters,
          nicolae_gauntlet_arena_grate_2, gammafunk_gauntlet_arena_grid,
          gammafunk_gauntlet_arena_mazey, gauntlet_exit_green]

Skill      XL: |  1  2  3  4  5  6  7  8  9 10 11 12 13 14 |
---------------+-------------------------------------------+-----
Axes           | 4 5 6 7 8 10 12 14 16 17 19 20 | 20.3
Fighting       | 4 5 6 7 9 10 12 13 14 15 | 15.3
Armour         | 3 4 5 6 7 8 10 11 13 14 15 | 15.1
Dodging        | |  2.1

Action                   |  1- 3 |  4- 6 |  7- 9 | 10-12 | 13-15 || total
-------------------------+-------+-------+-------+-------+-------++-------
Melee: Hand axe          |    66 |   117 |   228 |       |       ||   411
       Headbutt          |     6 |    17 |    87 |    97 |   117 ||   324
       War axe           |       |       |    95 |   110 |       ||   205
       Falchion          |       |       |       |     9 |       ||     9
       Broad axe         |       |       |       |   143 |       ||   143
       Battleaxe         |       |       |       |   200 |   209 ||   409
       Executioner's axe |       |       |       |       |   254 ||   254
Invok: Berserk           |     1 |       |     2 |     7 |     4 ||    14
       Trog's Hand       |       |       |       |       |     1 ||     1
  Use: Scroll            |       |     4 |    10 |     1 |    10 ||    25
       Potion            |       |       |     1 |       |       ||     1
 Stab: Confused          |       |       |       |       |     2 ||     2
  Eat: Chunk             |     1 |     6 |    10 |    25 |    21 ||    63
       Ration            |       |       |     1 |     1 |     1 ||     3
Armor: Animal skin       |     6 |       |       |       |       ||     6
       Chain mail        |     7 |    43 |   128 |    66 |       ||   244
       Ring mail         |     4 |       |       |       |       ||     4
       Plate armour      |       |       |       |   269 |   361 ||   630
Dodge: Dodged            |    47 |    36 |   138 |   255 |   167 ||   643
       Deflected         |       |     2 |     8 |     8 |     6 ||    24

Table legend:
 A = Non-vault XP
 B = Vault XP
 C = Vault XP percentage of total XP
 D = Non-vault monster count
 E = Vault monster count
 F = Vault count percentage of total count
                 A         B        C        D         E       F
            +---------+---------+-------+---------+---------+-------
      Total |   55129 |   33714 |  37.9 |     382 |     175 |  31.4
            +---------+---------+-------+---------+---------+-------
        D:1 |      38 |       0 |   0.0 |      24 |       0 |   0.0
        D:2 |     177 |       0 |   0.0 |      18 |       0 |   0.0
        D:3 |     142 |      71 |  33.3 |      21 |      12 |  36.4
        D:4 |     377 |       0 |   0.0 |      20 |       0 |   0.0
        D:5 |     628 |       0 |   0.0 |      22 |       0 |   0.0
        D:6 |    1029 |     220 |  17.6 |      26 |       1 |   3.7
        D:7 |    1161 |     220 |  15.9 |      31 |       2 |   6.1
        D:8 |     767 |    4827 |  86.3 |      26 |      14 |  35.0
        D:9 |     944 |    1840 |  66.1 |       6 |      20 |  76.9
       D:10 |    5026 |     635 |  11.2 |      29 |       2 |   6.5
       D:11 |    3773 |    4660 |  55.3 |      23 |      24 |  51.1
     Lair:1 |    3941 |    2910 |  42.5 |      15 |      25 |  62.5
     Lair:2 |    7134 |    1524 |  17.6 |      32 |       8 |  20.0
     Lair:3 |    5574 |       0 |   0.0 |      27 |       0 |   0.0
     Lair:4 |     570 |    7233 |  92.7 |       3 |      12 |  80.0
     Lair:5 |   11334 |    3720 |  24.7 |      23 |      10 |  30.3
     Lair:6 |   12514 |     954 |   7.1 |      36 |       1 |   2.7
    Ossuary |       0 |     847 | 100.0 |       0 |      31 | 100.0
   Gauntlet |       0 |    4053 | 100.0 |       0 |      13 | 100.0
            +---------+---------+-------+---------+---------+-------
